Map: Oxide LE

Players

Zoun - Winner!

  • Race: Protoss Protoss
  • League: Master

DPGRogue (Rogue)

  • Race: Zerg Zerg

VOD

Have the link to the VOD?

Description

Time

  • Played on: July 21, 2021, 3:49 a.m.
  • Length: 11:11
Show
View Real Time Build Order
Export as new Build Order

Zoun Protoss - Winner!

Build Orders: 1 Gate Expand, Colossus Rush 

Get SALT Encoding   

  12  0:00  Probe  
  13  0:12  Probe  
  14  0:19  Pylon  
  14  0:24  Probe (Chrono Boost)  
  15  0:37  Probe (Chrono Boost)  
  15  0:39  Gateway  
  16  0:46  Probe (Chrono Boost)  
  16  0:49  Assimilator  
  17  0:51  Probe  
  18  1:03  Probe  
  19  1:15  Probe  
  20  1:25  Nexus  
  20  1:36  Cybernetics Core  
  20  1:39  Probe  
  21  1:45  Assimilator  
  21  1:51  Probe  
  22  1:55  Pylon  
  22  2:04  Probe  
  23  2:10  Adept (Chrono Boost)  
  23  2:13  Warp Gate  
  25  2:16  Probe  
  26  2:24  Robotics Facility  
  26  2:28  Probe  
  27  2:35  Stalker  
  28  2:39  Probe (Chrono Boost)  
  28  2:40  Probe (Chrono Boost)  
  30  2:49  Probe (Chrono Boost)  
  30  2:50  Probe (Chrono Boost)  
  32  2:54  Probe (Chrono Boost)  
  32  2:56  Probe  
  34  3:06  Probe  
  34  3:07  Gateway  
  35  3:13  Robotics Bay  
  35  3:14  Probe, Observer  
  37  3:21  Probe  
  37  3:26  Probe  
  39  3:33  Warp Prism (Chrono Boost)  
  39  3:34  Probe  
  39  3:38  Pylon  
  39  3:40  Probe  
  43  3:46  Assimilator  
  43  3:47  Probe  
  44  3:51  Pylon  
  44  3:53  Probe  
  45  3:59  Probe  
  45  4:00  Disruptor (Chrono Boost)  
  45  4:01  Gravitic Drive  
  49  4:05  Probe  
  49  4:06  Adept  
  52  4:11  Probe  
  54  4:17  Probe  
  54  4:21  Assimilator  
  54  4:23  Probe  
  55  4:24  Pylon  
  55  4:27  Adept  
  57  4:31  Disruptor (Chrono Boost)  
  57  4:33  Observer  
  57  4:36  Gateway x2, Probe  
  61  4:44  Probe  
  62  4:48  Probe, Pylon  
  63  4:55  Pylon  
  63  4:57  Colossus (Chrono Boost)  
  69  5:05  Extended Thermal Lance  
  69  5:06  Pylon  
  69  5:23  Observer  
  69  5:24  Probe  
  69  5:25  Nexus  
  66  5:37  Observer  
  66  5:41  Adept x2, Sentry, Pylon  
  72  5:43  Colossus (Chrono Boost)  
  72  5:49  Twilight Council  
  78  5:50  Forge  
  78  5:52  Shield Battery  
  78  5:53  Probe  
  78  5:55  Zealot  
  81  6:04  Probe  
  82  6:07  Shield Battery  
  82  6:08  Sentry x2  
  82  6:09  Probe  
  87  6:15  Shield Battery  
  87  6:16  Probe (Chrono Boost)  
  88  6:22  Gateway  
  88  6:23  Gateway  
  88  6:25  Blink  
  88  6:27  Probe (Chrono Boost), Observer  
  88  6:28  Probe (Chrono Boost)  
  88  6:31  Protoss Ground Weapons Level 1  
  90  6:36  Probe x2 (Chrono Boost)  
  92  6:41  Probe (Chrono Boost)  
  92  6:42  Probe x2  
  92  6:46  Stalker x2  
  99  6:53  Gateway  
  99  6:55  Gateway  
  99  6:56  Sentry  
  101  7:08  Stalker  
  103  7:14  Zealot x2  
  103  7:15  Probe  
  102  7:18  Stalker x2  
  102  7:21  Probe x2  
  104  7:23  Stalker  
  94  7:30  Immortal (Chrono Boost)  
  94  7:31  Stalker  
  92  7:38  Stalker  
  92  7:40  Stalker  
  91  7:45  Stalker x2  
  91  7:49  Stalker x2  
  86  7:54  Stalker  
  82  7:58  Stalker  
  82  8:00  Probe x2  
  82  8:04  Stalker  
  84  8:11  Stalker  
  79  8:16  Stalker  
  79  8:18  Probe x2  
  77  8:24  Probe  
  78  8:29  Sentry, Assimilator  
  78  8:30  Probe x2, Assimilator  
  82  8:36  Probe, Stalker  
  82  8:37  Stalker x2  
  89  8:42  Probe x2  
  89  8:45  Stalker x2  
  87  8:51  Stalker  
  87  8:56  Stalker  
  87  9:02  Zealot  
  87  9:09  Disruptor (Chrono Boost)  
  86  9:12  Shield Battery  
  86  9:14  Observer  
  88  9:20  Probe x3, Pylon  
  88  9:23  Observer  
  91  9:26  Sentry  
  91  9:27  Sentry  
  91  9:29  Pylon  
  95  9:37  Stalker x5  
  105  9:43  Disruptor (Chrono Boost)  
  105  9:47  Photon Cannon  
  105  9:49  Photon Cannon  
  108  9:52  Zealot  
  110  10:07  Colossus (Chrono Boost)  
  116  10:17  Stalker x3  
  116  10:18  Stalker  
  116  10:20  Pylon x2  
  124  10:25  Stalker  
  124  10:27  Stalker  
  128  10:46  Stalker x4  
  128  10:47  Stalker x2  
  136  11:07  Stalker x2  
Show
View Real Time Build Order
Export as new Build Order

DPGRogue Zerg 

Build Orders: Hatch First 

Get SALT Encoding   

  12  0:00  Drone  
  13  0:12  Overlord  
  13  0:16  Drone  
  14  0:30  Drone  
  15  0:42  Drone x2  
  17  0:52  Hatchery  
  17  0:54  Drone  
  17  0:58  Drone  
  18  1:09  Extractor  
  17  1:13  Spawning Pool  
  17  1:17  Drone  
  17  1:21  Drone  
  18  1:28  Drone  
  19  1:39  Drone  
  20  1:49  Overlord  
  20  2:00  Zergling x2  
  21  2:04  Queen x2, Zergling x2  
  26  2:10  Drone  
  26  2:14  Metabolic Boost  
  26  2:15  Drone  
  28  2:21  Drone  
  29  2:26  Drone  
  30  2:32  Drone  
  31  2:39  Drone  
  31  2:43  Hatchery  
  31  2:47  Queen  
  33  2:51  Overlord  
  33  2:54  Drone  
  35  2:58  Drone x2  
  36  3:12  Drone x2  
  38  3:13  Queen  
  38  3:15  Drone x3  
  38  3:19  Drone  
  44  3:22  Overlord  
  44  3:29  Overlord  
  44  3:35  Roach Warren  
  44  3:36  Extractor  
  44  3:39  Drone x2  
  44  3:42  Drone x2  
  44  3:45  Drone x2  
  44  3:46  Drone  
  49  3:48  Drone  
  49  3:53  Queen  
  52  4:00  Spore Crawler  
  52  4:02  Overlord  
  51  4:18  Roach x3  
  51  4:19  Drone x7  
  51  4:23  Overlord  
  64  4:28  Lair  
  64  4:31  Overlord  
  64  4:33  Drone  
  64  4:36  Extractor  
  64  4:38  Drone x2  
  65  4:40  Overlord  
  65  4:42  Drone x2  
  67  4:48  Roach x2  
  67  4:51  Roach x2  
  75  4:53  Roach  
  75  4:54  Zergling x2  
  75  4:56  Zergling x4  
  75  4:59  Zergling x4  
  82  5:02  Zergling x4  
  82  5:06  Overlord  
  84  5:08  Zergling x2  
  84  5:09  Extractor, Zergling x4  
  84  5:11  Zergling x2  
  84  5:12  Zergling x4  
  89  5:24  Overlord x2  
  89  5:26  Overlord  
  83  5:36  Glial Reconstitution  
  83  5:38  Roach  
  83  5:39  Roach x5  
  83  5:41  Roach  
  97  5:43  Overlord  
  97  5:48  Roach  
  97  5:49  Roach  
  101  5:51  Overlord  
  101  5:52  Overseer  
  101  5:54  Roach  
  103  5:57  Roach x2  
  103  6:03  Roach x2  
  105  6:07  Roach x2  
  109  6:15  Roach x4  
  116  6:20  Roach x2  
  120  6:26  Roach x3  
  123  6:43  Roach x6  
  135  6:49  Overlord  
  135  6:50  Ravager x2  
  135  6:51  Ravager  
  138  6:54  Overlord  
  138  7:05  Roach x4  
  138  7:07  Roach x2  
  134  7:08  Roach  
  134  7:14  Roach  
  134  7:15  Roach  
  132  7:16  Roach  
  132  7:20  Roach  
  132  7:21  Roach  
  126  7:23  Roach  
  126  7:28  Roach x2  
  115  7:31  Roach  
  115  7:33  Roach  
  115  7:35  Roach  
  111  7:42  Roach x3  
  109  7:46  Zergling x2  
  109  7:49  Roach  
  105  7:54  Roach x3  
  105  7:55  Zergling x2  
  105  7:56  Roach  
  101  8:00  Roach  
  101  8:01  Roach  
  101  8:03  Roach  
  105  8:06  Roach  
  105  8:09  Roach  
  105  8:11  Roach  
  101  8:13  Roach  
  101  8:17  Roach  
  92  8:23  Roach  
  92  8:24  Roach  
  92  8:26  Ravager  
  97  8:28  Ravager  
  97  8:30  Zergling x10  
  105  8:34  Roach  
  105  8:37  Roach x2  
  108  8:45  Roach x2  
  102  8:49  Roach  
  102  8:52  Roach  
  102  8:55  Roach x2  
  94  8:56  Roach  
  94  8:59  Drone x2  
  94  9:01  Drone x2  
  90  9:07  Drone x3  
  92  9:11  Evolution Chamber  
  92  9:12  Drone  
  92  9:13  Drone  
  92  9:16  Drone  
  94  9:17  Drone  
  94  9:19  Ravager  
  94  9:20  Drone  
  97  9:25  Drone x2, Extractor  
  97  9:26  Drone  
  97  9:28  Drone x2  
  101  9:33  Overseer, Infestation Pit  
  101  9:38  Drone x4  
  104  9:45  Extractor  
  103  9:49  Overlord  
  103  9:59  Roach x2  
  111  10:00  Roach x2  
  111  10:04  Roach  
  111  10:05  Roach  
  111  10:06  Hatchery  
  111  10:07  Ravager x5  
  116  10:18  Roach x2, Zergling x2  
  116  10:19  Zergling x2  
  122  10:23  Roach  
  122  10:24  Roach x2  
  128  10:29  Roach x2  
  128  10:33  Roach  
  128  10:34  Roach x2  
  138  10:40  Roach  
  138  10:41  Roach x3  
  145  10:45  Overlord  
  145  10:46  Roach, Ravager  
  145  10:48  Roach  
  150  10:50  Zergling x4  
  150  10:52  Zergling x2  
Tags
 
Add a new tag
Caveats
  • Supply blocks, unpowered buildings, or Contaminate may cause inaccurate times.
  • Supply counts are checked every 10 seconds.